 Dungeon Crawl Stone Soup version 0.29.0-4-gdea44cf6ec (webtiles) character file.

Game seed: 13945013460826142277

261 apoch the Chopper (level 5, -2/45 HPs)
             Began as a Minotaur Fighter on Aug 27, 2022.
             Was a Follower of Qazlal.
             Slain by a black bear (5 damage)
             ... on level 4 of the Dungeon.
             The game lasted 00:05:12 (2126 turns).

apoch the Chopper (Minotaur Fighter)                Turns: 2126, Time: 00:05:13

Health: -2/45      AC:  8    Str: 22    XL:     5   Next: 96%
Magic:  6/6        EV:  9    Int:  5    God:    Qazlal [*.....]
Gold:   231        SH:  6    Dex: 10    Spells: 4/4 levels left

rFire   . . .      SeeInvis .   a - +0 war axe
rCold   . . .      Faith    .   c - +0 buckler
rNeg    . . .      Spirit   .   b - +0 scale mail
rPois   .          Reflect  .   (helmet restricted)
rElec   .          Harm     .   (no cloak)
rCorr   .          Rampage  .   (no gloves)
Will    .....                   v - +0 pair of boots
Stlth   ..........              (no amulet)
HPRegen 0.15/turn               (no ring)
MPRegen 0.10/turn               (no ring)

@: mighty
A: horns 2, retaliatory headbutt
a: Renounce Religion


You were on level 4 of the Dungeon.
You worshipped Qazlal.
Qazlal was aware of your devotion.
You visited 1 branch of the dungeon, and saw 4 of its levels.

You collected 231 gold pieces.

Inventory:

Hand Weapons
 a - a +0 war axe (weapon)
Missiles
 q - 2 stones (quivered)
 t - 6 boomerangs
Armour
 b - a +0 scale mail (worn)
 c - a +0 buckler (worn)
 v - a +0 pair of boots (worn)
Jewellery
 e - a ring of magical power
 g - a ring of magical power
 w - a ring of willpower
Scrolls
 f - 7 scrolls of identify {unknown}
 h - a scroll of teleportation {unknown}
 k - a scroll of amnesia {unknown}
 l - a scroll of enchant weapon {unknown}
 p - a scroll of magic mapping {unknown}
 s - a scroll of fear {unknown}
 x - a scroll of immolation {unknown}
Potions
 d - a potion of might
 i - a potion of cancellation {unknown}
 j - a potion of mutation {unknown}
 m - a potion of brilliance {unknown}
 n - 2 potions of heal wounds {unknown}
 o - a potion of curing {unknown}
 r - 2 potions of flight {unknown}
 u - a potion of ambrosia {unknown}


   Skills:
 - Level 3.6 Fighting
 + Level 6.0 Axes
 - Level 3.6 Armour
 - Level 3.6 Shields
 + Level 3.6 Invocations


You had 4 spell levels left.
You didn't know any spells.
Your spell library contained the following spells:

 Spells                   Type           Power      Damage    Failure   Level
 Conjure Flame            Conj/Fire      0%         6-21      99%         3
 Ignite Poison            Fire/Tmut/Pois 0%         N/A       99%         3
 Tukima's Dance           Hex            0%         N/A       99%         3
 Fulminant Prism          Conj/Hex       0%         3d6       100%        4
 Iskenderun's Mystic Bla  Conj/Tloc      0%         2d3       100%        4
 Passage of Golubria      Tloc           0%         N/A       100%        4
 Sticky Flame             Conj/Fire      0%         2d3       100%        4
 Lee's Rapid Deconstruct  Erth           0%         3d5*      100%        5
 Yara's Violent Unravell  Hex/Tmut       0%         3d3       100%        5


Dungeon Overview and Level Annotations

Branches:
Dungeon (4/15)
 Temple: D:4-7

Altars:
Qazlal


Innate Abilities, Weirdness & Mutations

You have a pair of horns on your head.
You reflexively headbutt those who attack you in melee.


Message History

The ogre shouts!
You throw a stone.
The stone hits the ogre but does no damage.
A black bear comes into view.
You throw a stone. The stone barely misses the ogre.
You throw a stone.
The stone hits the ogre but does no damage.
You throw a stone.
The stone hits the ogre but does no damage.
You slash the ogre!
The ogre is moderately wounded.
The ogre hits you with a +0 giant spiked club!
You are too injured to fight recklessly!
The ogre attacks as you move away! The ogre barely misses you.
You feel very mighty all of a sudden.
You slash the ogre!
The ogre is severely wounded.
The ogre hits you with a +0 giant spiked club!!
* * * LOW HITPOINT WARNING * * *
You barely miss the ogre. You headbutt the ogre!
You kill the ogre!
Qazlal accepts your kill.
The black bear bites you but does no damage.
The black bear claws you.
* * * LOW HITPOINT WARNING * * *
The black bear closely misses you.
Your Axes skill increases to level 6!
You slice the black bear!! Your headbutt misses the black bear.
The black bear is severely wounded.
The black bear bites you but does no damage.
The black bear barely misses you. The black bear claws you.
* * * LOW HITPOINT WARNING * * *
You closely miss the black bear. Your headbutt misses the black bear.
The black bear is severely wounded.
The black bear goes berserk!
You barely miss the black bear.
The black bear is severely wounded.
The black bear barely misses you. You block the black bear's attack.
The black bear claws you.
You die...

##.# #..## ##..##..... #.##
#..##...>.. ##.#
##.......... #.##
##........... ##.######
#..#.......## #.##....####
##.#........# #..........###
##..#.......##
.............###..##.......#
..............##@##.......##
...............h###......##
..........<.....# #.....##
..........†....## ...##
................#
................#
..............#
.............#
..............#


You could see a black bear (berserk).

Vanquished Creatures
  A black bear (D:3)
  An ogre (D:4)
  4 adders
  2 dart slugs (D:1)
  2 ball pythons (D:1)
  8 bats
  3 endoplasms
  2 giant cockroaches (D:1)
  10 goblins
  6 hobgoblins
  3 kobolds
  A frilled lizard (D:2)
  2 rats (D:1)
45 creatures vanquished.

Notes
Turn   | Place    | Note
-------+----------+-------------------------------------------
     0 | D:1      | apoch the Minotaur Fighter began the quest for the Orb.
     0 | D:1      | Reached XP level 1. HP: 19/19 MP: 0/0
    32 | D:1      | Reached skill level 3 in Axes
    71 | D:1      | Reached XP level 2. HP: 26/26 MP: 1/1
   170 | D:1      | You fall into a shaft and drop 1 floor!
   170 | D:2      | Found a stormy altar of Qazlal.
   174 | D:2      | Became a worshipper of Qazlal Stormbringer
   340 | D:1      | Reached skill level 4 in Axes
   585 | D:1      | Reached XP level 3. HP: 31/31 MP: 2/2
   759 | D:2      | Reached skill level 1 in Invocations
  1339 | D:3      | Reached XP level 4. HP: 39/39 MP: 4/4
  1411 | D:3      | Noticed a black bear
  1430 | D:3      | Killed a black bear
  1431 | D:3      | Reached skill level 5 in Axes
  1431 | D:3      | Reached XP level 5. HP: 22/45 MP: 4/6
  1966 | D:3      | Reached * piety under Qazlal
  2110 | D:4      | Noticed an ogre
  2111 | D:4      | Noticed a black bear
  2123 | D:4      | Killed an ogre
  2124 | D:4      | Reached skill level 6 in Axes
  2126 | D:4      | Slain by a black bear

Illustrated notes

Levels and vault maps discovered:
D:1:      heliophobic_arrival_ceremonial_halls, layout_rooms, hex_intersection,
          nrook_mini_vaults
D:2:      layout_basic, basic_altar
D:3:      layout_rooms
D:4:      layout_cave_pods, st_stairs_10, minmay_goblin_outpost, uniq_grinder,
          uniq_eustachio

Skill      XL: |  1  2  3  4  5 |
---------------+----------------+-----
Axes           | 3 4 5 6 |  6.0
Invocations    | 1 2 3 |  3.6
Fighting       | |  3.6
Armour         | |  3.6
Shields        | |  3.6

Action                   |  1- 3 |  4- 6 || total
-------------------------+-------+-------++-------
Melee: War axe           |    71 |    25 ||    96
       Headbutt          |     5 |     5 ||    10
Throw: Stone             |     8 |     8 ||    16
  Use: Potion            |       |     1 ||     1
Armor: Scale mail        |    37 |    20 ||    57
Dodge: Dodged            |    35 |    21 ||    56
Block: Buckler           |    24 |     9 ||    33
